 Dungeon Crawl Stone Soup version 0.17-a0-1909-g0b14330 (webtiles) character file.

191 DecibelRebel the Skirmisher (level 6, 0/47 HPs)
             Began as a Human Wanderer on Sept 25, 2015.
             Splashed by a jelly's acid (5 damage)
             ... on level 4 of the Dungeon.
             The game lasted 00:09:51 (2359 turns).

DecibelRebel the Skirmisher (Human Wanderer)        Turns: 2359, Time: 00:09:51

Health: 0/47       AC:  1    Str: 13    XL:     6   Next: 2%
Magic:  6/6        EV:  6    Int: 10    God:
Gold:   118        SH:  0    Dex: 16    Spells: 0 memorised, 5 levels left

rFire  . . .     SeeInvis .     J - +2 short sword (vamp)
rCold  . . .     Clarity  .     u - +0 chain mail {rPois}
rNeg   . . .     SustAt   .     (no shield)
rPois  +         Gourm    .     C - +0 helmet
rElec  .         Spirit   .     (no cloak)
rCorr  .         Warding  .     (no gloves)
rMut   .         Stasis   .     (no boots)
MR     .....                    (no amulet)
Stlth  ..........               (no ring)
                                H - ring of loudness (curse)

@: corroded equipment, not resistant to hostile enchantments, extremely
unstealthy
A: no striking features
a: no special abilities


You were on level 4 of the Dungeon.
You were hungry.

You visited 1 branch of the dungeon, and saw 4 of its levels.

You collected 118 gold pieces.

Inventory:

Hand weapons
 a - a +2 short sword
 e - a +0 dagger
 t - a +0 falchion
 J - a +2 vampiric short sword (weapon)
Armour
 d - a +0 robe
 h - a +0 leather armour
 s - a +0 scale mail
 u - a +0 chain mail of poison resistance (worn)
 y - a +0 robe of cold resistance
 C - a +0 helmet (worn)
Jewellery
 H - a cursed ring of loudness (left hand)
Scrolls
 b - 3 scrolls of teleportation
 j - 5 scrolls of identify {unknown}
 m - a scroll of recharging {unknown}
 n - a scroll of amnesia {unknown}
 v - a scroll of fog {unknown}
 w - a scroll of immolation {unknown}
 x - a scroll of magic mapping {unknown}
 E - a scroll of fear {unknown}
 F - a scroll of enchant armour {unknown}
Potions
 c - a potion of lignification
 i - a potion of flight {unknown}
 k - 3 potions of curing {unknown}
 o - a potion of invisibility {unknown}
 p - 2 potions of degeneration {unknown}
 q - 3 potions of heal wounds
 r - a potion of magic {unknown}
 A - a potion of might {unknown}
 B - a potion of cancellation {unknown}
 D - a potion of cure mutation {unknown}
 I - a potion of mutation {unknown}
Comestibles
 f - 2 bread rations
 g - 7 meat rations
 G - 6 chunks of flesh


   Skills:
 * Level 3.6 Fighting
 - Level 3.0(3.5) Short Blades
 - Level 2.8(3.4) Long Blades
   Level 1.0 Staves
 - Level 1.0 Throwing
 - Level 3.1 Dodging
 - Level 2.0 Stealth


You had 5 spell levels left.
You didn't know any spells.

Dungeon Overview and Level Annotations

Branches:
Dungeon (4/15)
 Temple: D:4-7

Altars:


Message History

The jelly jiggles.
The jelly hits you but does no damage.
You hit the jelly. The acid corrodes you!
Your hands burn!
The jelly is moderately wounded.
The jelly hits you.
You are splashed with acid!
The acid burns!
You hit the jelly but do no damage. The acid corrodes you!
Your hands burn!
The jelly is moderately wounded.
The jelly hits you.
You are splashed with acid!
The acid burns!
You hit the jelly but do no damage.
Your hands burn!
The jelly is moderately wounded.
The jelly hits you.
* * * LOW HITPOINT WARNING * * *
You are splashed with acid!
The acid burns!
* * * LOW HITPOINT WARNING * * *
Your chain mail prevents you from hitting the jelly.
The jelly is moderately wounded.
The jelly hits you.
* * * LOW HITPOINT WARNING * * *
You are splashed with acid!
The acid burns!
You die...

##..###........
....###................#
.....##................#
........................
.....<..................
......#...........$.....
..#...#.................
###...#.........J..<....
# #...#........)@.......
###..##.................
.##..##.................
.....##.................
.....##.................
##....#.................
##.....................
##..#..................
#..####................


You could see a jelly.

Vanquished Creatures
  A centaur skeleton (D:4)
  A worker ant (D:4)
  Jessica (D:3)
  An iguana (D:4)
  3 adders
  A worm (D:3)
  5 orcs (D:3)
  3 giant cockroaches
  4 goblins
  4 hobgoblins
  2 jackals (D:1)
  3 kobolds
  3 quokkas (D:3)
  3 ball pythons
  10 bats
  A giant gecko (D:3)
  4 giant newts
  A jackal skeleton (D:4)
  8 rats
59 creatures vanquished.

Notes
Turn   | Place    | Note
--------------------------------------------------------------
     0 | D:1      | DecibelRebel the Human Wanderer began the quest for the Orb.
     0 | D:1      | DecibelRebel set off with: a +2 short sword, a scroll of teleportation, a potion of lignification, a +0 robe, a +0 dagger, a bread ration, a !bad item (cl:100,ty:0,pl:0,pl2:0,sp:0,qu:0), a !bad item (cl:100,ty:0,pl:0,pl2:0,sp:0,qu:0), a !bad item (cl:100,ty:0,pl:0,pl2:0,sp:0,qu:0), a !bad item (cl:100,ty:0,pl:0,pl2:0,sp:0,qu:0), a !bad item (cl:100,ty:0,pl:0,pl2:0,sp:0,qu:0), a !bad item (cl:100,ty:0,pl:0,pl2:0,sp:0,qu:0), a !bad item (cl:100,ty:0,pl:0,pl2:0,sp:0,qu:0), a !bad item (cl:100,ty:0,pl:0,pl2:0,sp:0,qu:0), a !bad item (cl:100,ty:0,pl:0,pl2:0,sp:0,qu:0), a !bad item (cl:100,ty:0,pl:0,pl2:0,sp:0,qu:0), a !bad item (cl:100,ty:0,pl:0,pl2:0,sp:0,qu:0), a !bad item (cl:100,ty:0,pl:0,pl2:0,sp:0,qu:0), a !bad item (cl:100,ty:0,pl:0,pl2:0,sp:0,qu:0), a !bad item (cl:100,ty:0,pl:0,pl2:0,sp:0,qu:0), a !bad item (cl:100,ty:0,pl:0,pl2:0,sp:0,qu:0), a !bad item (cl:100,ty:0,pl:0,pl2:0,sp:0,qu:0), a !bad item (cl:100,ty:0,pl:0,pl2:0,sp:0,qu:0), a !bad item (cl:100,ty:0,pl:0,pl2:0,sp:0,qu:0), a !bad item (cl:100,ty:0,pl:0,pl2:0,sp:0,qu:0), a !bad item (cl:100,ty:0,pl:0,pl2:0,sp:0,qu:0), a !bad item (cl:100,ty:0,pl:0,pl2:0,sp:0,qu:0), a !bad item (cl:100,ty:0,pl:0,pl2:0,sp:0,qu:0), a !bad item (cl:100,ty:0,pl:0,pl2:0,sp:0,qu:0), a !bad item (cl:100,ty:0,pl:0,pl2:0,sp:0,qu:0), a !bad item (cl:100,ty:0,pl:0,pl2:0,sp:0,qu:0), a !bad item (cl:100,ty:0,pl:0,pl2:0,sp:0,qu:0), a !bad item (cl:100,ty:0,pl:0,pl2:0,sp:0,qu:0), a !bad item (cl:100,ty:0,pl:0,pl2:0,sp:0,qu:0), a !bad item (cl:100,ty:0,pl:0,pl2:0,sp:0,qu:0), a !bad item (cl:100,ty:0,pl:0,pl2:0,sp:0,qu:0), a !bad item (cl:100,ty:0,pl:0,pl2:0,sp:0,qu:0), a !bad item (cl:100,ty:0,pl:0,pl2:0,sp:0,qu:0), a !bad item (cl:100,ty:0,pl:0,pl2:0,sp:0,qu:0), a !bad item (cl:100,ty:0,pl:0,pl2:0,sp:0,qu:0), a !bad item (cl:100,ty:0,pl:0,pl2:0,sp:0,qu:0), a !bad item (cl:100,ty:0,pl:0,pl2:0,sp:0,qu:0), a !bad item (cl:100,ty:0,pl:0,pl2:0,sp:0,qu:0), a !bad item (cl:100,ty:0,pl:0,pl2:0,sp:0,qu:0), a !bad item (cl:100,ty:0,pl:0,pl2:0,sp:0,qu:0), a !bad item (cl:100,ty:0,pl:0,pl2:0,sp:0,qu:0), a !bad item (cl:100,ty:0,pl:0,pl2:0,sp:0,qu:0), a !bad item (cl:100,ty:0,pl:0,pl2:0,sp:0,qu:0), a !bad item (cl:100,ty:0,pl:0,pl2:0,sp:0,qu:0), a !bad item (cl:100,ty:0,pl:0,pl2:0,sp:0,qu:0), a !bad item (cl:100,ty:0,pl:0,pl2:0,sp:0,qu:0), a !bad item (cl:100,ty:0,pl:0,pl2:0,sp:0,qu:0)
     0 | D:1      | Reached XP level 1. HP: 15/15 MP: 1/1
   153 | D:1      | Reached XP level 2. HP: 21/21 MP: 2/2
   752 | D:2      | Found a faded altar to an unknown god.
   757 | D:2      | Reached XP level 3. HP: 26/26 MP: 3/3
  1097 | D:3      | Reached skill level 1 in Long Blades
  1135 | D:3      | Noticed Jessica
  1142 | D:3      | Killed Jessica
  1142 | D:3      | Reached XP level 4. HP: 29/33 MP: 4/4
  1834 | D:3      | Reached XP level 5. HP: 38/38 MP: 5/5
  2228 | D:4      | Reached XP level 6. HP: 47/47 MP: 6/6
  2359 | D:4      | Splashed by a jelly's acid

Vault maps used:
D:1:      minmay_arrival_arboretum_small
D:2:      ecumenical_altar_1
D:3:      first_bread, uniq_jessica
D:4:      led_xom_imps, tso_metal_star, serial_shops, nicolae_shop_statue_plus,
          hangedman_decor_opposing

Action                   |  1- 3 |  4- 6 || total
-------------------------+-------+-------++-------
Melee: Short sword       |   109 |   132 ||   241
  Use: Potion            |       |     1 ||     1
 Stab: Sleeping          |     1 |       ||     1
  Eat: Chunk             |     1 |     3 ||     4
       Beef jerky        |       |     2 ||     2
       Pizza             |       |     1 ||     1
